 Dungeon Crawl Stone Soup version 0.20.1-1-g8b1a95d (webtiles) character file.

51 Mesmaeker13 the Magician (level 3, 0/26 HPs)
             Began as a Draconian Wizard on Aug 13, 2017.
             Slain by Natasha (1 damage)
             ... on level 2 of the Dungeon.
             The game lasted 00:02:41 (1476 turns).

Mesmaeker13 the Magician (Draconian Wizard)         Turns: 1476, Time: 00:02:42

Health: 0/26       AC:  6    Str:  9    XL:     3   Next: 57%
Magic:  2/8        EV: 12    Int: 19    God:
Gold:   26         SH:  0    Dex:  9    Spells: 6/9 levels left

rFire    . . .     SeeInvis .   e - +0 dagger
rCold    . . .     Gourm    .   (no shield)
rNeg     . . .     Faith    .   (armour unavailable)
rPois    .         Spirit   .   a - +0 hat
rElec    .         Reflect  .   (no cloak)
rCorr    .         Harm     .   f - +0 pair of gloves
MR       .....                  (no boots)
Stlth    ++........             (no amulet)
Regen    0.1/turn               (no ring)
MPRegen  0.2/turn               (no ring)

@: very slightly contaminated, slowed, very slow
A: unfitting armour, cold-blooded, AC +5
a: no special abilities


You were on level 2 of the Dungeon.
You were not hungry.

You visited 1 branch of the dungeon, and saw 2 of its levels.

You collected 26 gold pieces.

Inventory:

Hand Weapons
 e - a +0 dagger (weapon)
Armour
 a - a +0 hat (worn)
 f - a +0 pair of gloves (worn)
Scrolls
 h - a scroll of fear {unknown}
 j - a scroll of noise {unknown}
Potions
 d - a potion of agility {unknown}
 g - 2 potions of heal wounds {unknown}
Books
 b - a book of Minor Magic

   Spells                             Type                      Level
   a - Magic Dart                     Conjuration                  1
   b - Blink                          Translocation                2
   c - Call Imp                       Summoning                    2
   d - Slow                           Hexes                        2
   e - Conjure Flame                  Conjuration/Fire             3
   f - Mephitic Cloud                 Conjuration/Poison/Air       3
Comestibles
 c - 2 bread rations
 i - 3 chunks of flesh
 k - a meat ration


   Skills:
 + Level 2.5 Dodging
 - Level 1.7 Stealth
 + Level 3.5 Spellcasting
 + Level 2.1 Conjurations
 - Level 1.0 Summonings
   Level 1.0 Translocations


You had 6 spell levels left.
You knew the following spells:

 Your Spells              Type           Power        Failure   Level  Hunger
a - Magic Dart            Conj           ##..         6%          1    None
b - Call Imp              Summ           #.......     14%         2    ##.....


Dungeon Overview and Level Annotations

Branches:
Dungeon (2/15)

Altars:

Annotations:
D:2 Natasha


Innate Abilities, Weirdness & Mutations

Your plain brown scales are hard. (AC +5)
You cannot fit into any form of body armour.
You are cold-blooded and may be slowed by cold attacks.


Message History

Natasha completely misses you.
Natasha stares at you and mumbles some strange words.
You resist with significant effort.
You closely miss Natasha.
Natasha stares at you and mumbles some strange words.
The magic dart hits you!
You miss Natasha. Natasha claws you.
Natasha stares at you and mumbles some strange words.
The magic dart hits you!
You closely miss Natasha. Natasha barely misses you.
i - 3 chunks of flesh (gained 1) Natasha casts a spell at you.
The magic dart hits you!
* * * LOW HITPOINT WARNING * * *
Natasha claws you.
* * * LOW HITPOINT WARNING * * *
You hit Natasha.
Natasha is lightly wounded.
Natasha claws you.
You die...

#................
#................
#.....<.....)....
#................
##...............
##..............
######..###...#
##h# .[# #@# #..#
##.# .. ##. #. ..
[.


You could see Natasha.

Vanquished Creatures
  An adder (D:2)
  An ooze (D:1)
  A dart slug (D:1)
  2 leopard geckos (D:1)
  6 bats (D:1)
  A giant cockroach (D:1)
  10 goblins (D:1)
  A hobgoblin (D:1)
  4 frilled lizards (D:1)
  4 kobolds (D:1)
  A rat (D:1)
32 creatures vanquished.

Notes
Turn   | Place    | Note
-------+----------+-------------------------------------------
     0 | D:1      | Mesmaeker13 the Draconian Wizard began the quest for the Orb.
     0 | D:1      | Reached XP level 1. HP: 14/14 MP: 4/4
   455 | D:1      | Reached XP level 2. HP: 20/20 MP: 0/6
   940 | D:1      | Reached XP level 3. HP: 19/26 MP: 1/7
  1413 | D:2      | Noticed Natasha
  1438 | D:1      | Learned a level 2 spell: Call Imp
  1475 | D:2      | HP: 1/26 [Natasha (5)]
  1476 | D:2      | Slain by Natasha

Skill      XL: |  1  2  3 |
---------------+----------+-----
Dodging        | 2 |  2.5
Conjurations   | 2 |  2.1
Stealth        | |  1.7
Spellcasting   | |  3.5
Summonings     | |  1.0
Translocations | |  1.0

Action                   || total
-------------------------++-------
Melee: Unarmed           ||    29
       Tailslap          ||     6
       Dagger            ||    43
 Cast: Magic Dart        ||    60
  Eat: Chunk             ||     2
Armor: Skin              ||    35
Dodge: Dodged            ||    62
